Map: Crimson Court LE

Players

Quigley

  • Race: Zerg Zerg
  • League: Diamond
  • Spawn Location: 7:00

TimTamSlam - Winner!

  • Race: Zerg Zerg
  • League: Diamond
  • Spawn Location: 1:00

VOD

Have the link to the VOD?

Description

Time

  • Played on: Oct. 7, 2024, 6:27 a.m.
  • Length: 3:48
Show
View Real Time Build Order
Export as new Build Order

Quigley Zerg 

Build Orders: Hatch First 

Get SALT Encoding   

  12  0:01  Drone  
  13  0:13  Overlord  
  13  0:16  Drone  
  14  0:42  Hatchery  
  13  0:47  Drone  
  14  0:50  Drone  
  14  0:52  Drone  
  16  1:07  Drone  
  17  1:12  Drone  
  17  1:17  Spawning Pool  
  17  1:25  Drone  
  18  1:27  Extractor  
  18  1:31  Drone  
  18  1:42  Drone  
  19  1:53  Drone  
  20  1:56  Drone  
  21  2:05  Queen  
  21  2:06  Queen  
  21  2:07  Zergling x4  
  27  2:14  Overlord  
  27  2:31  Hatchery  
  26  2:41  Queen  
  28  2:45  Drone  
  28  2:49  Drone x2  
  31  3:01  Drone  
  32  3:05  Baneling Nest, Drone  
  32  3:08  Overlord  
  32  3:10  Drone  
  33  3:19  Evolution Chamber  
  32  3:25  Evolution Chamber  
  31  3:27  Evolution Chamber  
  31  3:33  Spine Crawler  
  29  3:36  Evolution Chamber  
  29  3:40  Evolution Chamber  
Show
View Real Time Build Order
Export as new Build Order

TimTamSlam Zerg - Winner!

Build Orders: Hatch First 

Get SALT Encoding   

  12  0:01  Drone  
  13  0:08  Drone  
  14  0:34  Hatchery  
  13  0:37  Drone  
  14  0:43  Extractor, Drone  
  14  1:01  Spawning Pool  
  14  1:03  Drone  
  14  1:11  Overlord  
  14  1:25  Extractor, Drone  
  15  1:39  Drone  
  16  1:48  Metabolic Boost  
  16  1:50  Queen  
  16  1:53  Drone  
  19  1:57  Zergling x4  
  19  2:00  Zergling x2  
  22  2:03  Zergling x2  
  24  2:08  Zergling x2  
  24  2:11  Zergling x2  
  25  2:20  Zergling x4  
  27  2:29  Overlord  
  27  2:31  Overlord  
  27  2:40  Zergling x2  
  28  2:47  Queen  
  28  2:50  Zergling x2  
  28  2:51  Zergling x4  
  32  2:58  Zergling x6  
  35  3:03  Zergling x2  
  35  3:04  Zergling x2  
  38  3:13  Zergling x4  
  40  3:24  Zergling x2  
  40  3:25  Zergling x2  
Tags
 
Add a new tag
Caveats
  • Supply blocks, unpowered buildings, or Contaminate may cause inaccurate times.
  • Supply counts are checked every 10 seconds.